 Dungeon Crawl Stone Soup version 0.30-a0-652-gcc886f7154 (webtiles) character file.

Game seed: 953435124856111043

2620 browni3141 the Covert (level 9, -2/54 HPs)
             Began as a Kobold Brigand on Jan 17, 2023.
             Killed from afar by a gargoyle (26 damage)
             ... with a stone arrow
             ... on level 8 of the Dungeon.
             The game lasted 00:23:38 (7631 turns).

browni3141 the Covert (Kobold Brigand)              Turns: 7631, Time: 00:23:38

Health: -2/54      AC:  4    Str: 13    XL:     9   Next: 91%
Magic:  0/9        EV: 19    Int: 12    God:
Gold:   414        SH:  5    Dex: 20    Spells: 8/8 levels left

rFire   . . .      SeeInvis .    a - +2 dagger
rCold   + . .      Faith    .    p - +0 buckler
rNeg    + . .      Spirit   +    q - +0 leather armour {rC+}
rPois   .          Reflect  .    (no helmet)
rElec   .          Harm     .    c - +0 cloak
rCorr   .          Rampage  .    (no gloves)
Will    .....                    (no boots)
Stlth   ++++++                   z - amulet of guardian spirit
HPRegen 0.29/turn                A - ring "Coptus" {rN+ Str+4}
MPRegen 0.11/turn                (no ring)

@: mighty
A: small, no large weapons, nightstalker 3
a: no special abilities


You were on level 8 of the Dungeon.
You visited 2 branches of the dungeon, and saw 9 of its levels.

You collected 414 gold pieces.

Inventory:

Hand Weapons
 a - a +2 dagger (weapon)
Armour
 b - a +0 robe
 c - a +0 cloak (worn)
 p - a +0 buckler (worn)
 q - a +0 leather armour of cold resistance (worn)
Jewellery
 z - an amulet of guardian spirit (around neck)
 A - the ring "Coptus" (left hand) {rN+ Str+4}
   (You found it on level 7 of the Dungeon)

   [ring of positive energy]

   Str:       It affects your strength (+4).
   rN:        It protects you from negative energy.
Wands
 s - a wand of iceblast (5)
Scrolls
 d - a scroll of noise {unknown}
 e - a scroll of amnesia {unknown}
 f - a scroll of blinking {unknown}
 i - 3 scrolls of vulnerability
 m - 2 scrolls of magic mapping {unknown}
 n - 2 scrolls of poison
 o - a scroll of enchant armour {unknown}
 r - a scroll of silence {unknown}
 t - a scroll of torment {unknown}
 v - 2 scrolls of fog {unknown}
 w - 2 scrolls of enchant weapon {unknown}
Potions
 g - 3 potions of curing
 h - a potion of might
 j - 6 potions of degeneration
 k - 2 potions of cancellation
 l - a potion of haste
 u - 2 potions of invisibility
 x - a potion of lignification
 B - a potion of magic {unknown}
 C - 2 potions of mutation {unknown}
 D - a potion of resistance
 E - a potion of heal wounds {unknown}


   Skills:
 + Level 5.5 Fighting
 + Level 6.7 Short Blades
 - Level 2.1 Throwing
 * Level 8.0 Dodging
 * Level 10.9 Stealth
 + Level 3.3 Shields
 + Level 3.4 Evocations


You had 8 spell levels left.
You didn't know any spells.
Your spell library contained the following spells:

 Spells                   Type           Power      Damage    Failure   Level
 Cigotuvi's Dreadful Rot  Necr/Pois/Air  0%         N/A       67%         2
 Sublimation of Blood     Necr           0%         N/A       67%         2
 Petrify                  Tmut/Erth      0%         N/A       99%         4
 Summon Ice Beast         Ice/Summ       0%         N/A       99%         4
 Summon Lightning Spire   Summ/Air       0%         N/A       99%         4
 Irradiate                Conj/Tmut      0%         3d11      100%        5
 Summon Mana Viper        Hex/Summ       0%         N/A       100%        5
 Monstrous Menagerie      Summ           0%         N/A       100%        7
 Storm Form               Tmut/Air       0%         N/A       100%        7
 Maxwell's Capacitive Co  Air            0%         ∞         100%        8


Dungeon Overview and Level Annotations

Branches:
Dungeon (8/15)             Temple (1/1) D:6
   Lair: D:8-11

Altars:
Cheibriados
Dithmenos
Elyvilon
Fedhas
Gozag
Hepliaklqana
Kikubaaqudgha
Makhleb
Okawaru
Qazlal
Sif Muna
Trog
Uskayaw
Xom
Yredelemnul
Zin
The Shining One

Shops:
D:8 [

Annotations:
D:5 1 runed translucent door, wormed's ghost, novice GnWn
D:7 exclusion: howler monkey, Joseph; Maggie; experimilk's ghost, novice DrCj


Innate Abilities, Weirdness & Mutations

You are small and have problems with some larger weapons.
You are completely attuned to the shadows.


Message History

w - 2 scrolls labelled ROCOSI TUPSEG (gained 1)
Found a scroll of identify.
Found a stone staircase leading down.
You open the door. You open the door. You open the door.
A gargoyle comes into view. It is wielding a +0 morningstar.
Found 6 stones.
You feel very mighty all of a sudden. You block the gargoyle's attack.
You puncture the gargoyle!
The gargoyle is moderately damaged.
The gargoyle hits you with a +0 morningstar!
You hit the gargoyle but do no damage.
The gargoyle is moderately damaged.
The gargoyle hits you with a +0 morningstar!
You barely miss the gargoyle.
The gargoyle is moderately damaged.
You hit the gargoyle.
The gargoyle is heavily damaged.
The gargoyle misses you.
You barely miss the gargoyle.
The gargoyle is heavily damaged.
The gargoyle hurls a stone arrow at you.
The stone arrow misses you.
You puncture the gargoyle!
The gargoyle is severely damaged.
You block the gargoyle's attack.
You hit the gargoyle.
The gargoyle is almost destroyed.
You hit the gargoyle but do no damage.
The gargoyle is almost destroyed.
The gargoyle hits you with a +0 morningstar!
You are too injured to fight recklessly!
You are too injured to fight recklessly!
You are too injured to fight recklessly!
You hit the gargoyle but do no damage.
The gargoyle is almost destroyed.
The gargoyle hurls a stone arrow at you.
The stone arrow hits you!!
You die...

.#..#.###8...8###...........
......# ##...## #.........#.
.#...###+.....+ ##........#.
#...#8#.......# #........##
#.#.##'.......+ #........##
#...##....8.... #.##..####
##...##'.......+ #......#
.....#8#.......# #......#
.....###+..@..+ ##......#
......# ##+.9## #.......####
......### ###(###...........
........#######.........##..
....#....................###
............................
...#.................[....#
.....................<##.#
.#...###......#.......##.#


You could see a gargoyle.

Vanquished Creatures
  Pikel (D:5)
  Menkaure (D:4)
  A water moccasin (D:8)
  Duvessa (D:4)
  An orc warrior (D:6)
  An ice beast (D:6)
  3 black bears
  2 ogres
  A centaur (D:6)
  Blork the orc (D:5)
  2 bullfrogs (D:7)
  2 scorpions (D:5)
  2 necrophages
  Dowan (D:4)
  2 killer bees (D:7)
  5 hounds
  An orc priest (D:7)
  4 jellies
  Jessica (D:2)
  An iguana (D:5)
  3 orc wizards
  7 adders
  A white imp (D:6)
  2 worms
  15 orcs
  3 ball pythons
  4 bats
  3 endoplasms
  2 giant cockroaches
  A goblin (D:1)
  5 hobgoblins
  2 quokkas
  A frilled lizard (D:1)
  5 kobolds
  2 rats
90 creatures vanquished.

Vanquished Creatures (others)
  A human (D:6)
1 creature vanquished.

Grand Total: 91 creatures vanquished

Notes
Turn   | Place    | Note
-------+----------+-------------------------------------------
     0 | D:1      | browni3141 the Kobold Brigand began the quest for the Orb.
     0 | D:1      | Reached XP level 1. HP: 12/12 MP: 1/1
   514 | D:1      | Reached XP level 2. HP: 17/17 MP: 2/2
  1022 | D:2      | Found a glowing silver altar of Zin.
  1220 | D:2      | Noticed Jessica
  1221 | D:2      | Killed Jessica
  1222 | D:2      | Reached XP level 3. HP: 22/22 MP: 3/3
  1294 | D:2      | Reached skill level 6 in Stealth
  1510 | D:2      | Reached XP level 4. HP: 27/27 MP: 4/4
  2685 | D:4      | Noticed Menkaure
  2761 | D:4      | Noticed Dowan
  2796 | D:4      | Noticed an ogre
  2859 | D:4      | Reached XP level 5. HP: 32/32 MP: 5/5
  3013 | D:4      | Found a hazy altar of Hepliaklqana.
  3015 | D:4      | Found a faded altar of an unknown god.
  3052 | D:4      | Noticed Duvessa
  3102 | D:4      | Killed Duvessa
  3103 | D:4      | Reached skill level 7 in Stealth
  3103 | D:4      | Reached skill level 1 in Shields
  3103 | D:4      | Reached XP level 6. HP: 22/37 MP: 6/6
  3187 | D:4      | Killed Dowan
  3581 | D:5      | Entered Level 5 of the Dungeon
  3734 | D:5      | Noticed Pikel
  3738 | D:5      | Killed Pikel
  3739 | D:5      | Reached skill level 5 in Short Blades
  3739 | D:5      | Reached skill level 5 in Dodging
  3739 | D:5      | Reached skill level 8 in Stealth
  3739 | D:5      | Reached XP level 7. HP: 43/43 MP: 7/7
  3739 | D:5      | Reached XP level 8. HP: 48/48 MP: 8/8
  3772 | D:5      | Noticed Blork the orc
  3785 | D:5      | Killed Blork the orc
  3942 | D:5      | Reached skill level 9 in Stealth
  3956 | D:5      | Reached skill level 1 in Evocations
  4095 | D:5      | Found a runed translucent door.
  4397 | D:5      | Noticed wormed's ghost (novice GnWn)
  4502 | D:4      | Killed Menkaure
  4530 | D:4      | Reached XP level 9. HP: 53/53 MP: 9/9
  4607 | D:6      | Found a staircase to the Ecumenical Temple.
  4614 | Temple   | Entered the Ecumenical Temple
  5023 | D:6      | Reached skill level 5 in Fighting
  5102 | D:6      | Reached skill level 10 in Stealth
  5167 | D:6      | Found a shimmering blue altar of Sif Muna.
  5172 | D:6      | Got Sif Muna's Monograph on the Spider
  5218 | D:6      | Found a bloodstained altar of Trog.
  5827 | D:6      | Found an ancient bone altar of Kikubaaqudgha.
  6300 | D:7      | Noticed Joseph
  6345 | D:7      | Noticed Maggie
  6400 | D:7      | Identified the ring "Coptus" {rN+ Str+4}
  6599 | D:7      | Found a stormy altar of Qazlal.
  6599 | D:7      | Found a glowing golden altar of the Shining One.
  6723 | D:7      | Found a shadowy altar of Dithmenos.
  7368 | D:7      | Found a runed translucent gate.
  7369 | D:7      | Found a runed translucent gate.
  7369 | D:7      | Noticed experimilk's ghost (novice DrCj)
  7370 | D:7      | Found a runed translucent gate.
  7370 | D:7      | Found a basalt altar of Yredelemnul.
  7567 | D:8      | Found Tuomamedgh's Antique Armour Emporium.
  7621 | D:8      | Noticed a gargoyle
  7631 | D:8      | Killed from afar by a gargoyle

Illustrated notes

Levels and vault maps discovered:
D:1:      minmay_arrival_nine_rooms, layout_basic
D:2:      layout_rooms, basic_altar, chequers_serial_rivers_micro_b,
          uniq_jessica
D:3:      layout_basic
D:4:      layout_rooms, beargit_hepliaklqana_dungeon_heroes,
          chequers_serial_rivers_large_b, uniq_duvessa, uniq_menkaure
D:5:      old_forge, layout_cave_pools, gammafunk_ghost_grave,
          minmay_misc_feat_hallway, uniq_blork_the_orc, uniq_pikel
D:6:      layout_gridville, nzn_overflow_gifts_of_might_and_magic,
          tgw_kikubaaqudgha, minmay_temple_entry_glass
D:7:      layout_loops_ring, pdpol_wu_jian_five_deadly_venoms,
          nicolae_dithmenos_shadow_blocks, nicolae_yredelemnul_ghost_church,
          chequers_temple_overflow_statue_of_worship, uniq_joseph, uniq_maggie
D:8:      cheibrodos_statue_roulette, layout_rooms, nicolae_take_the_stairs
Temple:   nicolae_temple_bog_church

Skill      XL: |  1  2  3  4  5  6  7  8  9 |
---------------+----------------------------+-----
Short Blades   | 3 4 5 6 |  6.7
Dodging        | 2 3 5 6 8 |  8.0
Stealth        | 6 7 8 9 10 | 10.9
Fighting       | 3 4 5 |  5.5
Shields        | 1 2 3 |  3.3
Evocations     | 1 3 |  3.4
Throwing       | |  2.1

Action                   |  1- 3 |  4- 6 |  7- 9 || total
-------------------------+-------+-------+-------++-------
Melee: Dagger            |    40 |    84 |   249 ||   373
Throw: Dart              |     4 |    11 |    30 ||    45
Evoke: Wand              |       |       |    13 ||    13
  Use: Scroll            |       |     4 |     8 ||    12
       Potion            |       |       |     2 ||     2
 Stab: Sleeping          |     8 |    10 |    18 ||    36
       Distracted        |     1 |       |     1 ||     2
Armor: Robe              |     7 |       |       ||     7
       Leather armour    |       |     1 |    21 ||    22
Dodge: Dodged            |    22 |    45 |   191 ||   258
Block: Buckler           |       |     7 |    57 ||    64

Table legend: (Time is in decaauts)
 A = Elapsed time spent in this place.
 B = Non-inter-level travel time spent in this place.
 C = Inter-level travel time spent in this place.
 D = Time resting spent in this place.
 E = Time spent auto-exploring this place.
 F = Levels seen in this place.
 G = Mean time per level.
                   A        B        C        D        E       F      G
               +--------+--------+--------+--------+--------+-----+--------+
         Total |   7616 |   7330 |    286 |    476 |   5661 |   9 |  846.2 |
       Dungeon |   7326 |   7050 |    276 |    476 |   5392 |   8 |  915.8 |
        Temple |    289 |    279 |     10 |      0 |    269 |   1 |  289.0 |
               +--------+--------+--------+--------+--------+-----+--------+

Top non-repeatable levels by time:
     D:6: 1416 daAuts
     D:4: 1078 daAuts
     D:3: 1032 daAuts
     D:5: 931 daAuts
     D:1: 919 daAuts
     D:7: 892 daAuts
     D:2: 653 daAuts
     D:8: 401 daAuts
  Temple: 289 daAuts
